 Dungeon Crawl Stone Soup version 0.27-a0-984-g00e00afbbc (webtiles) character file.

Game seed: 4248272197906266598

213 Jannitor the Magician (level 5, -2/40 HPs)
             Began as a Djinni Warper on Apr 15, 2021.
             Was a Priest of Zin.
             Slain by a wyvern zombie (6 damage)
             ... on level 4 of the Dungeon.
             The game lasted 00:06:58 (4442 turns).

Jannitor the Magician (Djinni Warper)               Turns: 4442, Time: 00:06:58

Health: -2/40      AC:  6    Str:  9 (10) XL:     5   Next: 90%
Gold:   48         EV: 12    Int: 14 (15) God:    Zin [***...] SH:  0 Dex: 12 (13)

rFire    + + .     SeeInvis .   r - +2 dagger (venom)
rCold    x . .     Faith    .   (no shield)
rNeg     . . .     Spirit   .   b - +0 leather armour
rPois    ∞         Reflect  .   (no helmet)
rElec    .         Harm     .   j - +2 cloak
rCorr    .         Rampage  .   (no gloves)
Will     .....                  (boots unavailable)
Stlth    +.........             (no amulet)
HPRegen  0.13/turn              (no ring)
MPRegen  0.00/turn              (no ring)

@: mighty, flying
A: fire resistance 2, cold vulnerability 1, float, innate caster, hp casting,
extra vitality 1
a: Renounce Religion, Recite, Vitalisation, Imprison, Donate Gold


You were on level 4 of the Dungeon.
You worshipped Zin.
Zin was most pleased with you.
You visited 1 branch of the dungeon, and saw 4 of its levels.

You collected 186 gold pieces.
You spent 120 gold pieces at shops.
You donated 18 gold pieces to Zin.

Inventory:

Hand Weapons
 a - a +0 short sword
 r - a +2 dagger of venom (weapon)
Missiles
 e - 5 boomerangs of dispersal (quivered)
 t - 5 atropa-tipped darts
Armour
 b - a +0 leather armour (worn)
 j - a +2 cloak (worn)
Jewellery
 l - an amulet of faith
Scrolls
 c - 5 scrolls of identify {unknown}
 d - 2 scrolls of blinking
 f - a scroll of immolation {unknown}
 i - a scroll of brand weapon {unknown}
 k - 2 scrolls of teleportation {unknown}
 m - 2 scrolls of fog {unknown}
 n - 2 scrolls of holy word {unknown}
 q - a scroll of vulnerability {unknown}
 s - a scroll of torment {unknown}
Potions
 o - a potion of degeneration


   Skills:
 + Level 2.9 Fighting
 + Level 2.6 Short Blades
 + Level 1.8 Throwing
 + Level 2.4 Armour
 + Level 3.2 Dodging
 + Level 3.3 Spellcasting


You couldn't memorise any spells.
You knew the following spells:

 Your Spells              Type           Power      Damage    Failure   Level
a - Blink                 Tloc           N/A        N/A       11%         2
b - Lesser Beckoning      Tloc           5%         N/A       22%         3
c - Gell's Gravitas       Tloc           5%         N/A       22%         3
d - Teleport Other        Tloc           11%        N/A       22%         3
e - Manifold Assault      Tloc           11%        N/A       89%         5
f - Summon Small Mammal   Summ           44%        N/A       7%          1
g - Corpse Rot            Necr/Air       N/A        N/A       11%         2
Your spell library was empty.

Dungeon Overview and Level Annotations

Branches:
Dungeon (4/15)
 Temple: D:4-7

Altars:
Zin

Shops:
D:3 =**


Innate Abilities, Weirdness & Mutations

You are immune to poison.
Your flesh is very heat resistant. (rF++)
You are vulnerable to cold. (rC-)
You float through the air rather than walking.
You learn spells naturally, not from books.
Your magical power is your life essence.
You have superior vitality. (+4 HP)


Message History

You hit the wyvern zombie.
The wyvern zombie is lightly damaged.
The wyvern zombie closely misses you.
You hit the wyvern zombie.
The wyvern zombie is moderately damaged.
The wyvern zombie barely misses you.
You hit the wyvern zombie but do no damage.
The wyvern zombie is moderately damaged.
The wyvern zombie misses you.
You barely miss the wyvern zombie.
The wyvern zombie is moderately damaged.
The wyvern zombie closely misses you.
You hit the wyvern zombie.
The wyvern zombie is moderately damaged.
The wyvern zombie bites you. The wyvern zombie closely misses you.
You barely miss the wyvern zombie.
The wyvern zombie is moderately damaged.
The wyvern zombie closely misses you.
You barely miss the wyvern zombie.
The wyvern zombie is moderately damaged.
The wyvern zombie bites you!
You hit the wyvern zombie.
The wyvern zombie is heavily damaged.
The wyvern zombie bites you!
* * * LOW HITPOINT WARNING * * *
It was a potion of magic.
Magic courses through your body. The wyvern zombie bites you!
* * * LOW HITPOINT WARNING * * *
It was a potion of lignification.
Zin protects your body from unnatural transformation!
You feel woody for a moment. The wyvern zombie misses you.
The wyvern zombie barely misses you.
It was a potion of degeneration.
There was something very wrong with that liquid.
You feel weakened.
You feel dopey.
You feel clumsy. The wyvern zombie barely misses you.
It was a potion of might.
You feel very mighty all of a sudden. The wyvern zombie bites you.
You die...

#....#.........#
#....'[........#
##....#..##.....#
#.....#..# ######
#.....#..#
+.....#..#
#.....#..#
#.....#..#
#....@####...
###..Z.≈≈≈≈..
............≈..
....≈....≈≈≈≈..
...≈.≈..........
##.≈...####.....
#.=≈≈.. .....
..≈... .....
.....# ....


You could see a wyvern zombie.

Vanquished Creatures
  A necrophage (D:4)
  An iguana (D:4)
  3 adders
  A dart slug (D:2)
  An endoplasm (D:3)
  A giant cockroach (D:2)
  3 goblins
  4 hobgoblins
  6 jackals
  2 quokkas
  2 ball pythons (D:2)
  8 bats
  A frilled lizard (D:1)
  4 kobolds
  3 rats
41 creatures vanquished.

Vanquished Creatures (collateral kills)
  A scorpion (D:3)
  An adder (D:2)
  An orc (D:3)
  2 endoplasms (D:2)
  A jackal (D:2)
  2 kobolds (D:2)
  A frilled lizard (D:2)
9 creatures vanquished.

Grand Total: 50 creatures vanquished

Notes
Turn   | Place    | Note
-------+----------+-------------------------------------------
     0 | D:1      | Jannitor the Djinni Warper began the quest for the Orb.
     0 | D:1      | Reached XP level 1. HP: 18/18 MP: 0/0
   365 | D:1      | Found a faded altar of an unknown god.
   386 | D:1      | Became a worshipper of Zin the Law-Giver
   386 | D:1      | Reached * piety under Zin
   632 | D:1      | Reached skill level 1 in Throwing
   632 | D:1      | Reached XP level 2. HP: 12/23 MP: 0/0
  1567 | D:2      | Reached XP level 3. HP: 19/28 MP: 0/0
  1567 | D:2      | Learned a level 1 spell: Summon Small Mammal
  2515 | D:2      | Reached XP level 4. HP: 34/34 MP: 0/0
  2879 | D:3      | Reached ** piety under Zin
  3299 | D:3      | Found Axojukucs's General Store.
  3301 | D:3      | Noticed a scorpion
  3313 | D:3      | Killed a scorpion
  3475 | D:3      | Reached XP level 5. HP: 38/39 MP: 0/0
  3475 | D:3      | Learned a level 2 spell: Corpse Rot
  3577 | D:3      | Found Antaraidd's Assorted Antiques.
  3710 | D:3      | Bought a runed dagger for 120 gold pieces
  3870 | D:3      | Reached *** piety under Zin
  3991 | D:3      | Found Vaihoyr's Jewellery Shop.
  4218 | D:4      | Noticed a necrophage
  4243 | D:4      | Killed a necrophage
  4252 | D:4      | Identified the +2 plate armour "Inerch" {rPois Will++}
  4442 | D:4      | Slain by a wyvern zombie

Illustrated notes

Levels and vault maps discovered:
D:1:      psy_arrival_dodecagon, layout_rooms,
          hellmonk_ecumenical_altar_arch_garden, chequers_serial_rivers_micro_d,
          st_stairs_14, serial_bayou_crossing
D:2:      minmay_chambers_of_ones, layout_rooms
D:3:      layout_basic, serial_shops, shop, nicolae_shop_behind_doors, shop
D:4:      layout_gridville, serial_rivers, chequers_serial_rivers_micro_d,
          chequers_serial_rivers_micro_c, chequers_serial_rivers_micro_d,
          chequers_serial_rivers_marsh, uniq_natasha

Skill      XL: |  1  2  3  4  5 |
---------------+----------------+-----
Throwing       | 1 |  1.8
Short Blades   | 2 |  2.6
Spellcasting   | 3 |  3.3
Armour         | 2 |  2.4
Dodging        | 3 |  3.2
Fighting       | |  2.9

Action                   |  1- 3 |  4- 6 || total
-------------------------+-------+-------++-------
Melee: Short sword       |   153 |    65 ||   218
       Dagger            |       |    49 ||    49
 Cast: Summon Small Mamm |    12 |    11 ||    23
       Blink             |       |     2 ||     2
  Use: Potion            |       |     4 ||     4
 Stab: Sleeping          |       |     1 ||     1
Armor: Leather armour    |    82 |    35 ||   117
Dodge: Dodged            |   142 |    79 ||   221

Table legend: (Time is in decaauts)
 A = Elapsed time spent in this place.
 B = Non-inter-level travel time spent in this place.
 C = Inter-level travel time spent in this place.
 D = Time resting spent in this place.
 E = Time spent auto-exploring this place.
 F = Levels seen in this place.
 G = Mean time per level.
                   A        B        C        D        E       F      G
               +--------+--------+--------+--------+--------+-----+--------+
         Total |   4435 |   4322 |    113 |   1152 |   2111 |   4 | 1108.8 |
       Dungeon |   4435 |   4322 |    113 |   1152 |   2111 |   4 | 1108.8 |
               +--------+--------+--------+--------+--------+-----+--------+

Top non-repeatable levels by time:
     D:2: 1579 daAuts
     D:1: 1471 daAuts
     D:3: 1073 daAuts
     D:4: 311 daAuts
